 Dungeon Crawl Stone Soup version 0.28-a0-906-g0406aca7d3 (webtiles) character file.

Game seed: 8044150713782962564

107 siradein the Vexing (level 4, -5/26 HPs)
             Began as a Deep Elf Arcane Marksman on Nov 23, 2021.
             Killed by divine providence
             ... invoked by an orc priest
              (9 damage)
             ... on level 3 of the Dungeon.
             The game lasted 00:05:52 (3220 turns).

siradein the Vexing (Deep Elf Arcane Marksman)      Turns: 3220, Time: 00:05:53

Health: -5/26      AC:  3    Str: 13    XL:     4   Next: 57%
Magic:  10/10      EV: 16    Int: 19    God:
Gold:   81         SH:  0    Dex: 15    Spells: 1/8 levels left

rFire   . . .      SeeInvis .   a - +0 shortbow
rCold   . . .      Faith    +   (shield currently unavailable)
rNeg    . . .      Spirit   .   e - +0 leather armour
rPois   .          Reflect  .   (no helmet)
rElec   .          Harm     .   (no cloak)
rCorr   .          Rampage  .   (no gloves)
Will    .....                   (no boots)
Stlth   +.........              h - amulet of faith
HPRegen 0.08/turn               k - +6 ring of strength
MPRegen 0.12/turn               q - +4 ring of evasion

@: no status effects
A: no striking features
a: no special abilities


You were on level 3 of the Dungeon.
You visited 1 branch of the dungeon, and saw 4 of its levels.

You collected 81 gold pieces.

Inventory:

Hand Weapons
 a - a +0 shortbow (weapon)
 d - a +1 dagger of protection
 m - a +0 hunting sling
Missiles
 c - 89 arrows (quivered ammo)
 j - 51 stones
Armour
 e - a +0 leather armour (worn)
Jewellery
 h - an amulet of faith (around neck)
 k - a +6 ring of strength (left hand)
 q - a +4 ring of evasion (right hand)
Scrolls
 b - a scroll of vulnerability {unknown}
 i - a scroll of fog {unknown}
 n - 2 scrolls of fear {unknown}
 p - 2 scrolls of teleportation {unknown}
 s - a scroll of acquirement {unknown}
 t - a scroll of silence {unknown}
 w - a scroll of magic mapping {unknown}
 x - a scroll of enchant armour {unknown}
Potions
 f - a potion of brilliance
 g - a potion of berserk rage
 l - 2 potions of attraction
 o - a potion of ambrosia
 r - 2 potions of invisibility
 u - a potion of magic {unknown}
 v - a potion of heal wounds {unknown}


   Skills:
 + Level 1.6 Fighting
 + Level 3.6 Bows
 + Level 3.3 Dodging
 + Level 2.9 Spellcasting
 + Level 4.8 Hexes
 + Level 0.0 Translocations
 + Level 0.0 Fire Magic


You had one spell level left.
You knew the following spells:

 Your Spells              Type           Power      Damage    Failure   Level
a - Slow                  Hex            84%        N/A       2%          1
b - Inner Flame           Hex/Fire       12%        N/A       22%         3
c - Portal Projectile     Hex/Tloc       24%        N/A       22%         3

Your spell library contained the following spells:

 Spells                   Type           Power      Damage    Failure   Level
 Cause Fear               Hex            10%        N/A       26%         4
 Corpse Rot               Necr/Air       4%         N/A       30%         2
 Poisonous Vapours        Pois/Air       4%         N/A       30%         2


Dungeon Overview and Level Annotations

Branches:
Dungeon (4/15)
 Temple: D:4-7

Altars:
Trog


Message History

The orc priest is lightly wounded.
The orc barely misses you.
You shoot an arrow. The arrow hits the orc.
The orc is almost dead.
The orc completely misses you.
You shoot an arrow. The arrow hits the orc.
You kill the orc!
You shoot an arrow. The arrow hits the orc priest.
The orc priest is heavily wounded.
The orc priest closely misses you.
You shoot an arrow. The arrow hits the orc priest.
The orc priest is heavily wounded.
The orc priest misses you.
The orc priest begins to cast a cantrip, but forgets the words!
You shoot an arrow. The arrow hits the orc priest.
The orc priest is severely wounded.
The orc priest barely misses you.
You shoot an arrow.
The arrow hits the orc priest but does no damage.
The orc priest is severely wounded.
The orc priest calls down the wrath of Beogh upon you.
Beogh smites you!
Ouch! That really hurt!
* * * LOW HITPOINT WARNING * * *
Fire: 91 arrows
Press: ? - help, Q - select action, (/) - cycle Shift-Dir - straight line, f/p - orc priest
Aim: an orc priest, wielding a +0 falchion and wearing a +0 scale mail (severely wounded, 63% to hit)
You shoot an arrow.
The arrow hits the orc priest but does no damage.
The orc priest is severely wounded.
The orc priest completely misses you.
Fire: 90 arrows
Press: ? - help, Q - select action, (/) - cycle Shift-Dir - straight line, f/p - orc priest
Aim: an orc priest, wielding a +0 falchion and wearing a +0 scale mail (severely wounded, 63% to hit)
You shoot an arrow.
The arrow hits the orc priest but does no damage.
The orc priest is severely wounded.
The orc priest calls down the wrath of Beogh upon you.
Beogh smites you!
You die...

..............##.#
#.............##.#
#.............##.#
#.............##.#
#.............##.#
################.#
#.# #.#
#########@#
#.......#o#
#.#####[#g#
#.#####.#(#
#.........#
#######.###
#####'####
#........# #
#........#


You could see an orc priest and a goblin.

Vanquished Creatures
  Jessica (D:2)
  2 adders
  A dart slug (D:2)
  2 orcs
  7 endoplasms
  6 giant cockroaches
  5 goblins
  6 hobgoblins
  4 jackals (D:3)
  3 quokkas (D:1)
  2 ball pythons
  2 bats
  2 frilled lizards
  2 kobolds
  11 rats
56 creatures vanquished.

Notes
Turn   | Place    | Note
-------+----------+-------------------------------------------
     0 | D:1      | siradein the Deep Elf Arcane Marksman began the quest for
                  | the Orb.
     0 | D:1      | Reached XP level 1. HP: 11/11 MP: 5/5
    63 | D:1      | Found a faded altar of an unknown god.
   101 | D:1      | Reached skill level 1 in Fighting
   157 | D:1      | Reached XP level 2. HP: 16/16 MP: 6/6
  1028 | D:2      | Noticed Jessica
  1034 | D:2      | Killed Jessica
  1035 | D:2      | Reached XP level 3. HP: 5/20 MP: 8/8
  1657 | D:2      | Reached XP level 4. HP: 25/25 MP: 9/9
  1801 | D:2      | Found a bloodstained altar of Trog.
  2369 | D:3      | Learned a level 3 spell: Inner Flame
  2373 | D:3      | Learned a level 3 spell: Portal Projectile
  3099 | D:4      | Noticed a scorpion
  3220 | D:3      | Killed from afar by an orc priest

Illustrated notes

Levels and vault maps discovered:
D:1:      heliophobic_arrival_enchanted_forest, layout_loops_ring,
          dreamdust_ecumenical_altar_statues, minmay_split_cup_small
D:2:      layout_rooms, basic_altar, uniq_jessica
D:3:      layout_basic, minmay_misc_feat_x
D:4:      layout_rooms, minitemple

Skill      XL: |  1  2 |
---------------+-------+-----
Fighting       | 1 |  1.6
Bows           | 3 |  3.6
Spellcasting   | 2 |  2.9
Dodging        | 3 |  3.3
Hexes          | |  4.8

Action                   |  1- 3 |  4- 6 || total
-------------------------+-------+-------++-------
 Fire: Shortbow          |    55 |    15 ||    70
       Hunting sling     |    37 |    53 ||    90
 Cast: Slow              |       |     2 ||     2
       Inner Flame       |       |     1 ||     1
  Use: Scroll            |       |     5 ||     5
Armor: Leather armour    |     5 |     4 ||     9
Dodge: Dodged            |    24 |    23 ||    47

Table legend: (Time is in decaauts)
 A = Elapsed time spent in this place.
 B = Non-inter-level travel time spent in this place.
 C = Inter-level travel time spent in this place.
 D = Time resting spent in this place.
 E = Time spent auto-exploring this place.
 F = Levels seen in this place.
 G = Mean time per level.
                   A        B        C        D        E       F      G
               +--------+--------+--------+--------+--------+-----+--------+
         Total |   3246 |   3184 |     62 |    411 |   2187 |   4 |  811.5 |
       Dungeon |   3246 |   3184 |     62 |    411 |   2187 |   4 |  811.5 |
               +--------+--------+--------+--------+--------+-----+--------+

Top non-repeatable levels by time:
     D:1: 1162 daAuts
     D:2: 1104 daAuts
     D:3: 831 daAuts
     D:4: 148 daAuts
